Map: Bel'Shir Vestige LE (Void)

Players

Snute

  • Race: Zerg Zerg
  • Spawn Location: 5:00

Kelazhur - Winner!

  • Race: Terran Terran
  • Spawn Location: 11:00

Event: WCS Austin 2017

VOD

Have the link to the VOD?

Description

Time

  • Played on: April 29, 2017, 6:08 p.m.
  • Length: 19:56

All games in this series

Show
View Real Time Build Order
Export as new Build Order

Snute Zerg 

Build Orders: Hatch First 

Get SALT Encoding   

  12  0:00  Drone  
  13  0:12  Overlord  
  13  0:17  Drone  
  14  0:30  Drone x2  
  14  0:34  Drone  
  17  0:52  Hatchery  
  17  0:54  Drone  
  17  0:57  Drone  
  18  0:59  Extractor  
  17  1:12  Spawning Pool  
  17  1:15  Drone  
  17  1:18  Drone  
  18  1:27  Drone  
  19  1:38  Overlord  
  19  1:49  Drone  
  20  1:58  Queen  
  20  1:59  Metabolic Boost  
  22  2:02  Zergling x2  
  22  2:03  Queen  
  22  2:06  Zergling x2  
  26  2:10  Zergling x2  
  26  2:15  Drone  
  28  2:22  Drone  
  29  2:26  Drone  
  29  2:27  Spore Crawler  
  29  2:33  Drone  
  29  2:34  Queen  
  33  2:37  Overlord  
  33  2:43  Drone  
  34  2:48  Overlord  
  34  2:50  Queen  
  36  2:55  Drone  
  36  2:58  Drone  
  38  3:04  Drone  
  39  3:08  Drone  
  39  3:09  Drone  
  39  3:10  Drone x2  
  39  3:12  Overlord  
  43  3:16  Drone  
  43  3:17  Drone x2  
  46  3:26  Hatchery  
  45  3:31  Queen  
  47  3:36  Queen  
  47  3:38  Zergling x2  
  47  3:39  Zergling x2  
  50  3:43  Zergling x2  
  50  3:44  Drone x2  
  53  3:53  Drone x2, Overlord  
  53  3:54  Drone x2  
  53  3:55  Drone  
  58  4:03  Overlord  
  58  4:21  Overlord  
  58  4:22  Drone x4  
  62  4:27  Drone x2  
  62  4:28  Drone  
  62  4:31  Drone x2  
  67  4:37  Overlord  
  67  4:38  Zergling x4  
  67  4:44  Drone  
  67  4:45  Drone x2  
  72  4:46  Evolution Chamber x2  
  72  4:49  Drone x2  
  72  4:51  Drone  
  73  4:55  Queen x2  
  73  4:58  Drone x2  
  73  4:59  Drone  
  77  5:00  Drone  
  77  5:02  Drone x2  
  80  5:10  Spore Crawler  
  80  5:11  Spore Crawler x2  
  80  5:12  Zerg Ground Armor Level 1  
  80  5:13  Zergling x4  
  80  5:14  Zergling x4  
  81  5:19  Overlord  
  81  5:21  Extractor  
  81  5:22  Roach Warren, Extractor  
  81  5:23  Extractor  
  81  5:25  Drone  
  81  5:26  Drone x3  
  81  5:28  Drone x2, Extractor x2  
  80  5:32  Zerg Missile Weapons Level 1  
  80  5:34  Overlord  
  81  5:38  Drone x3  
  84  5:44  Drone x2  
  84  5:45  Drone x2  
  84  5:49  Drone  
  89  5:53  Drone  
  89  5:54  Drone  
  91  6:04  Overlord x2  
  91  6:05  Lair  
  91  6:06  Roach x3  
  91  6:07  Overlord x3  
  97  6:12  Overlord x2  
  97  6:16  Overlord x2  
  97  6:17  Overlord  
  97  6:20  Overlord  
  97  6:21  Queen x2, Overlord  
  97  6:24  Roach  
  103  6:26  Roach x2  
  103  6:28  Roach  
  103  6:30  Ravager x3  
  103  6:31  Roach  
  103  6:32  Roach  
  116  6:37  Roach  
  116  6:38  Roach x2  
  122  6:40  Roach  
  122  6:41  Roach  
  122  6:43  Roach  
  122  6:45  Roach  
  122  6:46  Roach  
  132  6:49  Roach x2  
  132  6:52  Roach  
  138  6:56  Roach x3  
  144  7:03  Roach x2  
  144  7:07  Zerg Ground Armor Level 2  
  148  7:09  Drone  
  148  7:10  Infestation Pit  
  148  7:16  Glial Reconstitution  
  148  7:23  Hatchery  
  148  7:26  Roach  
  148  7:27  Roach x5  
  159  7:30  Roach x2  
  164  7:42  Roach  
  164  7:43  Roach x6  
  164  7:44  Hatchery  
  177  7:48  Infestor  
  179  7:52  Ravager  
  177  8:02  Roach  
  177  8:03  Roach x6, Overlord  
  191  8:11  Zerg Missile Weapons Level 2  
  189  8:21  Overlord x2  
  189  8:31  Ravager x3  
  189  8:33  Overlord  
  183  8:48  Infestor x2  
  179  8:50  Drone  
  179  8:51  Drone x3  
  180  8:55  Queen  
  180  8:56  Queen x2  
  180  8:57  Roach x5  
  180  8:58  Roach  
  180  8:59  Extractor  
  180  9:01  Ravager  
  198  9:03  Extractor  
  193  9:10  Roach x5  
  198  9:30  Spire  
  195  9:32  Spore Crawler  
  195  9:36  Zergling x10  
  199  9:57  Ravager  
  194  10:15  Infestor  
  193  10:23  Overlord x2  
  192  10:30  Hatchery  
  191  10:44  Hatchery  
  189  10:51  Overseer  
  189  10:54  Hatchery  
  188  10:57  Infestor x2, Spore Crawler  
  190  11:05  Hive  
  190  11:07  Infestor x2  
  188  11:17  Burrow  
  184  11:36  Ravager  
  184  11:37  Ravager x2  
  184  11:39  Roach x5  
  197  11:47  Pathogen Glands  
  192  11:57  Roach x6  
  192  12:00  Pneumatized Carapace  
  197  12:03  Extractor  
  197  12:04  Extractor  
  195  12:15  Ravager  
  196  12:19  Zerg Ground Armor Level 3  
  196  12:20  Greater Spire  
  196  12:23  Spore Crawler  
  196  12:24  Drone x6, Spore Crawler  
  196  12:26  Spore Crawler  
  197  12:37  Spore Crawler  
  194  12:49  Ravager  
  194  12:50  Ravager x3  
  194  12:51  Ravager x4  
  200  12:59  Spore Crawler x2  
  200  13:00  Spore Crawler  
  197  13:12  Corruptor  
  199  13:23  Spore Crawler  
  199  13:24  Spore Crawler x2  
  188  13:36  Corruptor x4  
  196  13:42  Zerg Flyer Armor Level 1  
  196  13:45  Brood Lord  
  198  13:53  Drone  
  198  13:54  Drone  
  200  14:10  Hatchery  
  191  14:26  Roach x7  
  191  14:30  Roach  
  191  14:31  Roach x8  
  198  14:34  Roach  
  198  14:35  Roach x7  
  170  14:54  Corruptor x7  
  175  15:02  Spawning Pool  
  175  15:03  Infestor x3  
  175  15:05  Drone x2  
  169  15:13  Drone  
  169  15:14  Drone  
  162  15:24  Brood Lord  
  163  15:39  Drone  
  164  15:46  Brood Lord  
  166  16:02  Brood Lord  
  168  16:07  Brood Lord  
  118  17:37  Brood Lord  
Show
View Real Time Build Order
Export as new Build Order

Kelazhur Terran - Winner!

Build Orders: Reaper Expand, MMM Bio 

Get SALT Encoding   

  12  0:00  SCV  
  13  0:12  SCV  
  14  0:17  Supply Depot  
  14  0:25  SCV  
  14  0:27  Refinery  
  15  0:38  SCV  
  16  0:43  Barracks  
  16  0:50  SCV  
  17  1:02  SCV  
  18  1:14  SCV  
  19  1:30  Reaper, Orbital Command  
  20  1:41  Command Center  
  20  1:51  Factory  
  20  1:55  SCV  
  21  2:04  Barracks Reactor, Refinery  
  21  2:10  SCV  
  21  2:12  Supply Depot  
  22  2:22  SCV  
  23  2:34  SCV  
  24  2:39  Starport  
  24  2:46  Hellion, SCV  
  24  2:47  Hellion  
  24  2:48  Marine  
  30  2:56  Orbital Command  
  30  2:59  SCV  
  31  3:08  Hellion x2  
  31  3:10  Barracks Tech Lab  
  35  3:16  Viking  
  35  3:17  SCV  
  38  3:22  SCV  
  39  3:29  Supply Depot, SCV  
  40  3:37  SCV  
  45  3:41  SCV  
  46  3:51  SCV  
  46  3:55  Command Center  
  43  3:56  SCV  
  43  3:57  Supply Depot, Barracks Tech Lab  
  44  4:09  Barracks x2  
  44  4:13  Factory Reactor  
  44  4:16  SCV  
  45  4:18  SCV  
  45  4:23  Supply Depot  
  46  4:26  Marine  
  46  4:27  Stimpack  
  46  4:28  SCV  
  46  4:30  SCV  
  49  4:38  Engineering Bay x2  
  49  4:40  SCV  
  49  4:42  SCV  
  49  4:44  Marine  
  52  4:52  SCV  
  52  4:58  Marine  
  52  4:59  Marine  
  54  5:01  Starport Reactor  
  54  5:02  Marine, SCV  
  54  5:04  Terran Infantry Armor Level 1, Terran Infantry Weapons Level 1  
  54  5:05  SCV  
  57  5:09  Marine x2  
  57  5:10  Factory Reactor  
  57  5:12  Refinery  
  59  5:14  Refinery, Orbital Command  
  59  5:17  SCV  
  59  5:18  Marine  
  59  5:20  Marine  
  62  5:22  SCV  
  62  5:26  Marine  
  64  5:29  SCV  
  64  5:32  Supply Depot, Marine x2  
  64  5:35  SCV  
  68  5:38  Marine x2  
  68  5:42  SCV  
  71  5:45  Medivac x2  
  75  5:50  Armory  
  75  5:51  SCV  
  75  5:52  Orbital Command  
  75  5:54  Marine x2  
  75  5:56  SCV  
  79  6:00  Supply Depot  
  79  6:01  Marine x3  
  82  6:05  SCV  
  83  6:12  Hellion x2, Marine x2, SCV  
  90  6:22  SCV  
  90  6:23  SCV  
  90  6:24  SCV  
  93  6:28  Supply Depot  
  93  6:31  Marine x4  
  93  6:32  Marauder  
  99  6:37  Barracks  
  99  6:39  Barracks, SCV x2  
  101  6:45  Supply Depot  
  101  6:46  Supply Depot  
  101  6:50  Supply Depot, SCV  
  101  6:52  Marine, SCV  
  101  6:54  Marine x2  
  105  6:57  Marine x2  
  105  7:00  Widow Mine  
  108  7:02  Widow Mine  
  108  7:03  SCV  
  108  7:06  SCV  
  108  7:07  SCV  
  111  7:09  Supply Depot, Terran Infantry Weapons Level 2  
  111  7:15  Terran Infantry Armor Level 2  
  111  7:18  Marine x3  
  111  7:19  Marauder, Marine  
  111  7:21  SCV x3  
  120  7:24  Medivac  
  120  7:26  Medivac  
  126  7:34  Barracks Reactor x2  
  126  7:36  Marine  
  125  7:37  Widow Mine x2  
  125  7:40  Refinery  
  125  7:41  Marine x3  
  125  7:42  Marauder  
  134  7:53  Barracks  
  134  7:54  Medivac  
  134  7:55  Barracks  
  134  7:56  Barracks  
  134  7:58  Marine  
  132  7:59  Marine x2  
  135  8:10  Marauder, Marine x5  
  141  8:16  Marine  
  141  8:17  Marine  
  141  8:21  Command Center  
  141  8:30  Marine  
  141  8:31  Supply Depot x2  
  141  8:33  Marauder, Marine x5  
  127  8:49  Combat Shields  
  127  8:51  Marine x2  
  127  8:52  Marine x6  
  127  8:55  Marauder  
  136  8:58  Medivac x2  
  136  8:59  Barracks Tech Lab x2  
  140  9:14  Marine x6  
  140  9:15  Barracks Tech Lab  
  140  9:16  Widow Mine x2, Marauder  
  137  9:21  Marauder  
  137  9:23  Supply Depot  
  143  9:27  Marauder, Marine, Concussive Shells  
  143  9:28  Medivac x2, Marine  
  147  9:32  Marine x2  
  147  9:37  Marauder, Marine  
  147  9:38  Marauder  
  154  9:40  Marine  
  154  9:43  Terran Infantry Weapons Level 3, Marauder  
  156  9:47  Marine  
  156  9:48  Marauder  
  156  9:52  Marine  
  158  9:54  Marine  
  158  9:58  Marauder  
  158  9:59  Marauder  
  164  10:03  Terran Infantry Armor Level 3  
  164  10:04  Marauder  
  166  10:13  Marauder, Marine  
  166  10:14  Marine  
  140  10:15  Marine  
  140  10:20  Marauder x2  
  142  10:32  Marauder  
  142  10:33  Marine x8  
  142  10:34  Marauder  
  142  10:35  Widow Mine  
  150  10:41  Marauder, Marine  
  148  10:52  Marine  
  148  10:53  Marauder  
  148  10:56  Marauder, Marine  
  154  10:59  Medivac x2  
  155  11:04  Marauder  
  153  11:11  Marauder, Marine  
  153  11:12  Marine  
  152  11:19  Marauder  
  152  11:20  Marine  
  152  11:21  Marauder, Marine x5  
  152  11:22  Widow Mine  
  153  11:26  Marauder  
  153  11:29  Medivac x2, Marine x2  
  161  11:33  Marauder  
  161  11:38  Marine  
  164  11:40  Marauder  
  164  11:42  Marauder, Marine x3  
  170  11:47  Marauder  
  170  11:48  Widow Mine  
  170  11:51  Widow Mine  
  170  11:53  Marine  
  172  11:54  Marauder, Marine  
  172  11:57  Marine  
  172  11:58  Marine x2  
  172  11:59  Medivac x2  
  172  12:00  Marine  
  163  12:02  Marauder  
  163  12:03  Marine  
  166  12:08  Planetary Fortress  
  165  12:16  Marauder x2, Marine  
  165  12:19  Marine x5  
  175  12:28  Medivac  
  175  12:29  Marine x2  
  178  12:30  Marauder x2  
  178  12:34  Marine  
  180  12:38  Marauder  
  180  12:39  Marine  
  173  12:51  Medivac  
  173  12:52  Marauder  
  173  12:53  Marine  
  173  12:54  Marine  
  173  12:57  Widow Mine x2, Marauder  
  185  12:58  Medivac  
  185  13:02  Marauder  
  188  13:10  Marine  
  188  13:11  Marauder, Marine x2  
  188  13:12  Marine  
  187  13:27  Medivac  
  187  13:28  Medivac  
  185  13:37  Marauder x2, Marine x5  
  188  13:42  Supply Depot  
  188  13:49  Orbital Command  
  188  14:00  Terran Ship Weapons Level 1  
  188  14:04  Marauder, Marine x6  
  196  14:16  Marine x3  
  196  14:17  Marine  
  196  14:20  Medivac  
  196  14:22  Marauder  
  196  14:25  Marine  
  196  14:26  Medivac  
  192  14:32  Marine  
  192  14:33  Marauder  
  192  14:34  Marauder  
  192  14:35  Marauder  
  192  14:37  Marine  
  192  14:38  Marine x3  
  196  14:39  Marine x2  
  196  14:43  Marauder, Marine  
  188  14:50  Medivac, Marine  
  188  14:54  Marauder  
  188  14:56  Marauder  
  183  15:00  Marine  
  183  15:01  Marauder  
  183  15:02  Widow Mine x2  
  183  15:03  Medivac, Marine x6  
  183  15:04  Marine  
  181  15:08  Marine  
  174  15:15  Marine  
  174  15:16  Marine  
  174  15:18  Marine  
  174  15:20  Medivac  
  174  15:21  Marine x6  
  179  15:22  Marauder x2  
  179  15:26  Marine  
  181  15:33  Medivac, Marauder  
  181  15:35  Marauder  
  185  15:36  Marine  
  185  15:39  Marine x6  
  184  15:44  Marauder x2, Marine  
  189  15:50  Medivac  
  189  15:54  Marine  
  189  15:55  Marauder  
  189  15:56  Marauder, Marine  
  196  16:03  Marine  
  196  16:12  Marine x2  
  196  16:19  Marine  
  196  16:21  Medivac, Marine  
  196  16:22  Marauder  
  196  16:23  Marauder, Marine x5  
  196  16:24  Marauder  
  189  16:30  Medivac, Marine x2  
  183  16:37  Marine  
  183  16:39  Marine  
  179  16:41  Marauder, Marine  
  180  16:49  Marine  
  180  16:50  Marauder  
  180  16:51  Medivac  
  178  16:56  Marauder  
  178  16:57  Marine  
  178  16:58  Marauder  
  178  17:00  Medivac  
  157  17:09  Marauder, Marine  
  157  17:11  Marauder  
  157  17:13  Starport  
  157  17:14  Marine  
  157  17:15  Command Center  
  160  17:20  Marauder x2, Marine x6  
  160  17:21  Medivac  
  166  17:27  Marine  
  167  17:30  Marine  
  167  17:32  Widow Mine x2, Marauder, Marine  
  167  17:34  Viking  
  175  17:37  Starport  
  175  17:38  Marine  
  175  17:41  Marauder  
  178  17:46  Marauder  
  178  17:49  Marauder  
  177  17:54  Marauder  
  177  17:58  Marine  
  178  17:59  Marine  
  178  18:02  Viking  
  178  18:03  Marauder  
  177  18:06  Marine  
  177  18:07  Marauder  
  177  18:10  Marauder  
  181  18:14  Marine  
  178  18:23  Viking x2  
  178  18:26  Viking  
  174  18:35  Viking  
  173  18:43  Unknown  
  173  18:47  Unknown x3  
  173  18:54  Viking x2  
  173  18:55  Marine  
  169  18:56  Viking, Marine  
  171  19:13  Marauder x2  
  175  19:18  Marauder  
  175  19:19  Orbital Command  
  177  19:24  Viking  
  177  19:25  Viking  
  177  19:29  Marauder  
Tags
 
Add a new tag
Caveats
  • Supply blocks, unpowered buildings, or Contaminate may cause inaccurate times.
  • Supply counts are checked every 10 seconds.